[Event "*** SCC Grand Prix: Titled Tuesday Blitz"]
[Site "Chess.com"]
[Date "2020.10.13"]
[Round "10"]
[White "swayamsm"]
[Black "IANOV0007"]
[Result "1/2-1/2"]
[WhiteElo "2628"]
[BlackElo "2470"]
[TimeControl "180+1"]
[EndTime "11:55:28 PDT"]
[Termination "Game drawn by agreement"]

1. d4 d6 2. Nf3 g6 3. c4 Bg7 4. Nc3 Bg4 5. e4 Bxf3 6. gxf3 Nc6 7. Be3 e5 8. d5 Nd4 9. f4 c5 10. dxc6 bxc6 11. fxe5 dxe5 12. Bg2 Ne7 13. O-O O-O 14. Kh1 Qd7 15. Na4 Rfd8 16. b4 Qc7 17. Qc1 Ne2 18. Qc2 Nd4 19. Qb2 f5 20. exf5 Nexf5 21. Nc5 Qf7 22.
Rad1 Qxc4 23. Bg5 Rdb8 24. a3 a5 25. Rc1 Qf7 26. Ne4 axb4 27. axb4 Ra4 28. Rb1 h6 29. Bd2 Kh7 30. Qc3 Ra2 31. Be3 Rba8 32. Ng3 R8a3 33. Qc1 Qe6 34. Nxf5 Nxf5 35. Qxc6 Qxc6 36. Bxc6 Nxe3 37.
fxe3 Rxe3 38. Rfe1 Rxe1+ 39. Rxe1 Rb2 40. b5 h5 41. Kg1 Bf6 42. h3 Kg7 43. Kf1 g5 44. Re2 Rxe2 45. Kxe2 Bd8 46. Kf3 Kf6 47. Be8 h4 48. Ke4 Bb6 49. Bd7 Bc5 50. Bg4 Bb6 51.
Kd5 Ba7 52. Bc8 e4 53. Kxe4 Ke7 54. Kd5 Kd8 55. Bg4 Kc7 56. Ke6 Be3 57. Kf5 Kb6 58. Be2 Bd2 59. Kg4 Bc1 60. Bf1 Bd2 61.
Kf5 Bc1 62. Ke4 Bd2 63. Kd5 Bc1 64. Kc4 Bd2 65. Be2 Bc1 66. Kc3 Be3 67. Kd3 Bf4 68. Kc2 Be3 69. Bf1 Bf4 70. Kd3 Bc1 71. Be2 Bf4 72.
Ke4 1/2-1/2

[Event "*** SCC Grand Prix: Titled Tuesday Blitz"]
[Site "Chess.com"]
[Date "2020.10.13"]
[Round "10"]
[White "ExcitingTrap"]
[Black "redbaron8888"]
[Result "1-0"]
[WhiteElo "2334"]
[BlackElo "2500"]
[TimeControl "180+1"]
[EndTime "11:55:28 PDT"]
[Termination "ExcitingTrap won on time"]

1. e4 c5 2. Nf3 d6 3. Bb5+ Nd7 4. O-O Nf6 5. Re1 a6 6. Bf1 b5 7. d4 cxd4 8. Nxd4 Bb7 9. Bd3 g6 10. Nc3 Bg7 11. a3 O-O 12. Be3 Rc8 13. f3 Qc7 14.
Bf1 Qb8 15. Qd2 Rfe8 16. Bh6 Bh8 17. Kh1 Ne5 18. Nd1 Nc4 19. Bxc4 Rxc4 20. c3 e5 21. Nc2 d5 22. Nde3 Rc5 23. exd5 Nxd5 24. Nxd5 Rxd5 25. Qf2 e4 26. fxe4 Rh5 27. Bf4 Be5 28. Rf1 Bxe4 29.
Ne3 Bxf4 30. Qxf4 Qxf4 31. Rxf4 Bb7 32. Ng4 Re2 33. Nf6+ Kf8 34. Nxh5 Rxg2 35. h4 gxh5 36. Raf1 Rxb2+ 37. Kg1 Rg2+ 38. Kh1 Rf2+ 39. Kg1 Rg2+ 40. Kh1 Rg4+ 41. Kh2 Bd5 42. Rxg4 hxg4 43. Kg3 Be6 44. Kf4 Ke7 45. Kg5 1-0

[Event "*** SCC Grand Prix: Titled Tuesday Blitz"]
[Site "Chess.com"]
[Date "2020.10.13"]
[Round "10"]
[White "ural58"]
[Black "CheckThis4"]
[Result "0-1"]
[WhiteElo "2337"]
[BlackElo "2578"]
[TimeControl "180+1"]
[EndTime "11:55:29 PDT"]
[Termination "CheckThis4 won by resignation"]

1. e4 c5 2. b3 Nc6 3. Bb2 d6 4. f4 e5 5. Qf3 Nf6 6. Bb5 Bg4 7.
Qe3 exf4 8. Qxf4 Be7 9. Nf3 Bxf3 10. gxf3 Qb6 11. Nc3 O-O-O 12. O-O-O Nd4 13. Bc4 Qc6 14. Bxf7 Rhf8 15. Bd5 Nxd5 16. exd5 Rxf4 17. dxc6 bxc6 18. Rdf1 Bf6 19. Nd1 Nxf3 20. Bxf6 Rxf6 21. Rf2 Rdf8 22. Rhf1 Ne5 23. Rxf6 Rxf6 24. Rg1 g6 25. Ne3 Kd7 26.
h4 Nf3 27. Rh1 h5 28. Ng2 Ne5 29. Ne3 Rf2 30. a4 Ke6 31. d3 Re2 32. Nd1 Nf3 33. Nc3 Rg2 34. Kb2 Nd4 35. Re1+ Kd7 36. Rc1 Rh2 37. Ne4 Rxh4 38. c3 Rh2+ 39. Ka3 Nc2+ 40.
Kb2 Nb4+ 41. Kb1 Nxd3 42. Rd1 Re2 43. Ng3 Re1 44. Rxe1 Nxe1 45. Kc1 h4 46. Nh1 Nf3 47. Kd1 g5 48. Ke2 g4 49. Ke3 Ke6 50. Kf4 Ne5 51.
b4 cxb4 52. cxb4 g3 53. b5 cxb5 54. axb5 g2 55. Nf2 g1=Q 56. Ne4 Qf1+ 57. Ke3 Qf3+ 58. Kd4 Qxe4+ 0-1

[Event "*** SCC Grand Prix: Titled Tuesday Blitz"]
[Site "Chess.com"]
[Date "2020.10.13"]
[Round "10"]
[White "Klavdia_Nik"]
[Black "Evachess2006"]
[Result "0-1"]
[WhiteElo "2086"]
[BlackElo "1638"]
[TimeControl "180+1"]
[EndTime "11:55:30 PDT"]
[Termination "Evachess2006 won on time"]

1. Nf3 d5 2. c4 dxc4 3. Na3 e6 4. Nxc4 Nf6 5. b3 b6 6. g3 Bb7 7. Bg2 Nbd7 8. Bb2 Be7 9. O-O O-O 10. d3 c5 11. Qc2 Qc7 12. Rac1 a6 13. Rfe1 b5 14.
Nce5 Nxe5 15. Bxe5 Qc8 16. Qb2 Re8 17. d4 Nd7 18.
Bf4 Bf6 19. e3 Ra7 20. Ne5 Bxg2 21. Kxg2 Nxe5 22. dxe5 Be7 23. h4 Qb7+ 24. f3 Raa8 25. Red1 Rac8 26. e4 Red8 27. Be3 Rd7 28. Rxd7 Qxd7 29.
Qd2 Qxd2+ 30. Bxd2 c4 31. bxc4 bxc4 32. Bc3 Ba3 33. Rc2 Rc7 34. Kf2 Kf8 35. Ke2 Ke7 36. Ba5 Rc6 37. Rc3 Bb2 38. Rc2 Bxe5 39. f4 Bd6 40. e5 Bc7 41. Bb4+ Kd7 0-1

[Event "*** SCC Grand Prix: Titled Tuesday Blitz"]
[Site "Chess.com"]
[Date "2020.10.13"]
[Round "10"]
[White "dosto07"]
[Black "mr65"]
[Result "1/2-1/2"]
[WhiteElo "2338"]
[BlackElo "2186"]
[TimeControl "180+1"]
[EndTime "11:55:32 PDT"]
[Termination "Game drawn - insufficient material"]

1. e4 e5 2. Nf3 Nc6 3. Bb5 a6 4. Ba4 Nf6 5. O-O Be7 6. d3 b5 7. Bb3 O-O 8. a4 b4 9. Nbd2 d6 10. h3 Na5 11. Ba2 c5 12. Nc4 Nxc4 13. Bxc4 a5 14. Bg5 Nd7 15. Bxe7 Qxe7 16. Nd2 Nb6 17.
c3 Be6 18. Bxe6 Qxe6 19. Re1 Rae8 20. Nf3 f5 21. exf5 Qxf5 22. cxb4 cxb4 23. Rc1 Kh8 24. Rc6 Nd5 25. Rxd6 Nf4 26. Re4 h6 27. Nh2 Qg5 28. Qg4 Rd8 29. Qxg5 hxg5 30. Rxd8 Rxd8 31. Nf3 Nxd3 32.
Nxe5 Nxb2 33. Nf7+ Kg8 34. Nxd8 Nxa4 35. Re5 b3 36.
Rxa5 Nc3 37. Ra8 b2 38. Rb8 b1=Q+ 39. Rxb1 Nxb1 40. Ne6 Kh7 41. Nxg5+ Kg6 42. Nf3 Nc3 43. Kh2 Nd1 44. g3 Nxf2 45. Kg2 Nd3 46. h4 Nc5 47. g4 Ne6 48. Kg3 Kh6 49. h5 g6 50. hxg6 Kxg6 51. Nh2 Ng5 52. Nf1 Ne4+ 53. Kf4 Nf6 54. g5 Nh7 55. Ng3 Nxg5 1/2-1/2

[Event "*** SCC Grand Prix: Titled Tuesday Blitz"]
[Site "Chess.com"]
[Date "2020.10.13"]
[Round "10"]
[White "HanSchut"]
[Black "WiktoriaPOL"]
[Result "1-0"]
[WhiteElo "2206"]
[BlackElo "2054"]
[TimeControl "180+1"]
[EndTime "11:55:32 PDT"]
[Termination "HanSchut won by resignation"]

1. e4 c5 2. Nf3 g6 3. d4 cxd4 4. Nxd4 Nc6 5. c4 Nf6 6. Nc3 d6 7. Be2 Nxd4 8. Qxd4 Bg7 9. Be3 O-O 10. Qd2 Ng4 11. Bxg4 Bxg4 12. O-O a5 13. b3 a4 14. b4 Be6 15. c5 dxc5 16. bxc5 Qxd2 17. Bxd2 Rfd8 18. Be1 Bc4 19. Rc1 Bxf1 20. Kxf1 a3 21. Nd5 Kf8 22. Ke2 Bb2 23. Rc2 Ra4 24. f3 e6 25. Nb6 Rad4 26. Nc4 Rd1 27. Nxb2 axb2 28.
Rxb2 R8d7 29. a4 Ra1 30. a5 Ke8 31. Bc3 Ra3 32. Bb4 Ra4 33. Ke3 Kd8 34. Kf4 Rd4 35. Bc3 Rdc4 36. Bf6+ Kc7 37. Be5+ Kc6 38. Rb6+ Kxc5 39.
Rxb7 f5 40. Rc7+ Kb5 41. Rxh7 fxe4 42. Kg5 exf3 43. gxf3 Rc5 44. f4 Rxa5 45. Kxg6 Kc4 46. Kf6 Rc6 47. h4 Ra8 48. h5 Rf8+ 49. Ke7 Ra8 50.
Kf6 Rf8+ 51. Kg6 Rg8+ 52. Rg7 Rxg7+ 53. Kxg7 Rc8 54. h6 Ra8 55. h7 Ra7+ 56. Kg6 Ra8 57. h8=Q Rxh8 58. Bxh8 Kd5 59. Be5 Ke4 60. Kf6 Kd5 61.
Ke7 1-0

[Event "*** SCC Grand Prix: Titled Tuesday Blitz"]
[Site "Chess.com"]
[Date "2020.10.13"]
[Round "10"]
[White "Chesswizard_2007"]
[Black "OlympusMons95"]
[Result "0-1"]
[WhiteElo "2585"]
[BlackElo "2734"]
[TimeControl "180+1"]
[EndTime "11:55:36 PDT"]
[Termination "OlympusMons95 won by resignation"]

1. Nh3 d5 2. g3 e5 3. Bg2 c6 4. O-O Bd6 5. f4 e4 6. d3 f5 7. dxe4 dxe4 8. Be3 Nf6 9. Bd4 O-O 10. Nc3 Be6 11.
Kh1 Nbd7 12. Bxa7 Nc5 13. Bb6 Qxb6 14. Qxd6 Rad8 15. Na4 Rxd6 16. Nxb6 Rd2 17. e3 Ng4 18.
Rfe1 h6 19. Rac1 Rfd8 20. a4 Kf7 21. a5 Ke7 22. Kg1 Na6 23. Na4 Nb4 24. Nc5 Nxc2 25. Nxb7 Nxe1 26. Rxe1 Rb8 27. a6 Rxb2 28. Nf2 Rxf2 29.
h3 Rxg2+ 30. Kxg2 Nf6 31. Rc1 Bd7 32. Kf2 Ra8 33. Ra1 Bc8 34. Nc5 Nd7 35. Nxd7 Kxd7 36. a7 Kc7 37. g4 fxg4 38. hxg4 Bxg4 39. Kg3 h5 40. Ra5 Kb6 41. Rg5 Rxa7 42. Kh4 Ra3 43.
Re5 Rxe3 44. Re7 Kc5 45. Rxg7 Rf3 46. Rf7 e3 47. Re7 Kd4 48. Kg5 c5 49. Re8 c4 50.
Rd8+ Kc3 51. Re8 Kd2 52. Rd8+ Ke1 53. Rc8 e2 54. Rxc4 Kd2 55. Rd4+ Ke3 56. Rd1 exd1=Q 0-1

[Event "*** SCC Grand Prix: Titled Tuesday Blitz"]
[Site "Chess.com"]
[Date "2020.10.13"]
[Round "10"]
[White "mjray79"]
[Black "Iskusnyh"]
[Result "0-1"]
[WhiteElo "2430"]
[BlackElo "2570"]
[TimeControl "180+1"]
[EndTime "11:55:38 PDT"]
[Termination "Iskusnyh won by checkmate"]

1. d4 d5 2. c4 c6 3. Nf3 Nf6 4. Nc3 a6 5. c5 Nbd7 6. h3 g6 7. Bf4 Bg7 8. e3 O-O 9. Be2 b6 10. cxb6 Qxb6 11. Na4 Qa5+ 12. Nd2 Ne4 13. b3 e5 14. dxe5 Nxe5 15. Rc1 Bd7 16. Rc2 c5 17. O-O Bxa4 18. Nxe4 dxe4 19. bxa4 Rfd8 20. Qc1 Nd3 21. Bxd3 exd3 22. Rxc5 Qxa4 23. Qd2 h5 24. Rfc1 Rd7 25. R5c4 Qb5 26. Rb4 Qf5 27. Rbc4 Rad8 28. Rc7 Qb5 29. R7c5 Qa4 30. Bc7 Rc8 31. Bf4 Rxc5 32. Rxc5 Kh7 33. Rc1 Qe4 34. Rb1 Qc4 35. Rc1 Qb5 36. Rc7 Rxc7 37. Bxc7 Qb1+ 38. Kh2 Qc2 39. Ba5 h4 40. Qb4 Qxf2 41. Qe4 Qf5 42. Qxh4+ Kg8 43. Qd8+ Kh7 44. Qh4+ Qh5 45. Qxh5+ gxh5 46. Kg3 Kg6 47. Kf3 f5 48. Bd2 Bh6 49. Bc3 Kf7 50. Kf2 Ke6 51. Bd4 Kd5 52. Ke1 Ke4 53. Kd2 f4 54. Bb6 fxe3+ 55. Ke1 e2 56. g4 hxg4 57. hxg4 Bf4 58. Bf2 Kf3 59.
g5 d2# 0-1

[Event "*** SCC Grand Prix: Titled Tuesday Blitz"]
[Site "Chess.com"]
[Date "2020.10.13"]
[Round "10"]
[White "DonBroca"]
[Black "Chessbard1972"]
[Result "1-0"]
[WhiteElo "2218"]
[BlackElo "2329"]
[TimeControl "180+1"]
[EndTime "11:55:38 PDT"]
[Termination "DonBroca won by checkmate"]

1. e4 c5 2. Nf3 a6 3. d4 cxd4 4.
c3 dxc3 5. Nxc3 e6 6. Bc4 Nc6 7. O-O Qc7 8. Qe2 Bd6 9. Rd1 Ne5 10. Nxe5 Bxe5 11. h3 Ne7 12. Bg5 f6 13. Bh4 O-O 14.
f3 Ng6 15. Bf2 b5 16. Bb3 Nf4 17. Qd2 Rf7 18. Rac1 Qb8 19. Be3 Bb7 20. a4 b4 21.
Ne2 Nxe2+ 22. Qxe2 Bc6 23. Qd3 a5 24. Bc5 f5 25. exf5 Rf6 26. Bd4 Kh8 27. Bxe5 Qxe5 28. fxe6 Bxf3 29. exd7 Rd8 30. Re1 Qh5 31. gxf3 Rg6+ 32.
Kh2 Rf6 33. Qe4 h6 34. Qe8+ Rxe8 35. dxe8=Q+ Qxe8 36.
Rxe8+ Kh7 37. Re3 Rd6 38. Rce1 Rd2+ 39. R1e2 Rd4 40. Kg2 Kg6 41. Re4 Rd6 42. Rg4+ Kf5 43. Ree4 Rd2+ 44. Kg3 g5 45. Re3 Rxb2 46. h4 Rd2 47. hxg5 hxg5 48. Rge4 Rb2 49. Re5+ Kg6 50. Rxa5 Rb1 51. Rb5 Rb2 52. Rxb4 Kf5 53. Rb5+ Kf6 54. a5 Kg7 55. Rb6 g4 56. fxg4 Rb1 57. Re7+ Kf8 58.
Rc7 Re1 59. Rb8+ Re8 60. Rxe8+ Kxe8 61. a6 Kd8 62. Rb7 Kc8 63. Bd5 Kd8 64. a7 Kc8 65. a8=Q# 1-0

[Event "*** SCC Grand Prix: Titled Tuesday Blitz"]
[Site "Chess.com"]
[Date "2020.10.13"]
[Round "10"]
[White "mirceaparligras"]
[Black "penguingm1"]
[Result "1-0"]
[WhiteElo "2657"]
[BlackElo "2824"]
[TimeControl "180+1"]
[EndTime "11:55:39 PDT"]
[Termination "mirceaparligras won by resignation"]

1. d4 d5 2. c4 e6 3. Nf3 Nf6 4. Nc3 Be7 5. Bf4 O-O 6. e3 b6 7. Bd3 c5 8. dxc5 bxc5 9. O-O Nc6 10.
cxd5 Nxd5 11. Nxd5 exd5 12. h3 Bf6 13. Rc1 c4 14. Bb1 Be6 15. b3 Rc8 16. bxc4 dxc4 17. Qa4 Qb6 18. Ng5 Bxg5 19. Bxg5 h6 20. Qc2 f5 21.
Bf4 Bd5 22. Rfd1 Nb4 23. Qc3 Qb7 24. f3 a5 25. a3 Na6 26. Qe5 Bc6 27. Rd6 Rce8 28.
Qc3 Nc5 29. Qxc4+ Kh7 30. Qxc5 Bxf3 31. gxf3 Qxf3 32. Qc6 Qxh3 33. Qg2 Qh5 34. Rc7 Rf7 35. Rxf7 Qxf7 36. Rc6 Re7 37. Rc1 Re6 38. Rc5 Rf6 39. Rc7 Qf8 40. Be5 Rg6 41. Rxg7+ Rxg7 42. Bxg7 Qxg7 43.
Bxf5+ Kg8 44. Qxg7+ Kxg7 45. Kg2 Kf6 46. e4 Kg5 47.
Kg3 h5 48. Bc8 h4+ 49. Kh3 Kf4 50. Bb7 Kg5 51. a4 Kh5 52. e5 Kg5 53. e6 Kf6 54. Bd5 Ke7 55. Kxh4 Kf6 56. Kg4 1-0

[Event "*** SCC Grand Prix: Titled Tuesday Blitz"]
[Site "Chess.com"]
[Date "2020.10.13"]
[Round "10"]
[White "Larina_Marija"]
[Black "Mikedannnn"]
[Result "0-1"]
[WhiteElo "2293"]
[BlackElo "2509"]
[TimeControl "180+1"]
[EndTime "11:55:39 PDT"]
[Termination "Mikedannnn won by checkmate"]

1. e4 c5 2. Nc3 a6 3. g3 b5 4.
Bg2 Bb7 5. d3 d6 6. Nge2 g6 7.
O-O Bg7 8. f4 Nc6 9. f5 Nf6 10.
Bg5 O-O 11. Qd2 b4 12. Nd5 Nxd5 13. exd5 Nd4 14. c3 bxc3 15. bxc3 Nxe2+ 16. Qxe2 Bxc3 17. Rab1 Bc8 18. Bxe7 Re8 19. f6 Qd7 20. Qf3 Be5 21. Kh1 Rxe7 22. fxe7 Qxe7 23. Rb6 h5 24. Rfb1 Kg7 25. Rb8 Bg4 26. Qf1 Ra7 27. Qf2 Bf5 28.
Be4 Bxe4+ 29. dxe4 Bd4 30. Qc2 h4 31. R8b3 Qe5 32.
Qg2 hxg3 33. hxg3 Re7 34. Qf3 Qxe4 35. Qxe4 Rxe4 36. Rb6 Be5 37. Rxa6 Bxg3 38. Kg2 Be5 39. a4 Re2+ 40. Kf3 Ra2 41. a5 f5 42. Ra7+ Kf6 43. a6 g5 44. Ke3 g4 45. Rbb7 Ra3+ 46. Kd2 Kg5 47. Rg7+ Kf4 48. Rh7 Ke4 49. Ra8 Ra2+ 50. Kc1 Kd3 51. Kb1 Ra1# 0-1

[Event "*** SCC Grand Prix: Titled Tuesday Blitz"]
[Site "Chess.com"]
[Date "2020.10.13"]
[Round "10"]
[White "Brave_spirit12"]
[Black "azikom"]
[Result "0-1"]
[WhiteElo "2483"]
[BlackElo "2628"]
[TimeControl "180+1"]
[EndTime "11:55:40 PDT"]
[Termination "azikom won on time"]

1. e4 c5 2. c3 e6 3. d4 d5 4. Nd2 cxd4 5. cxd4 Nc6 6. Ngf3 dxe4 7. Nxe4 Bb4+ 8. Bd2 Bxd2+ 9. Qxd2 Nge7 10. Bd3 O-O 11. O-O h6 12. Rfe1 Nxd4 13. Nf6+ Kh8 14. Ne5 Nec6 15. Nh5 Nxe5 16. Rxe5 Nc6 17. Ree1 Qg5 18.
Qxg5 hxg5 19. Rad1 e5 20. Bb5 Bg4 21. Be2 Bxe2 22.
Rxe2 Rfd8 23. Red2 Rxd2 24. Rxd2 Nd4 25. h3 Rc8 26. Ng3 f6 27. Ne4 Rc1+ 28. Kh2 Kg8 29. Nd6 b6 30. b4 Kf8 31. a4 Ke7 32. Ne4 Ke6 33. a5 b5 34. Nc5+ Kd5 35. f3 Rc2 36.
Rd3 Kc4 37. a6 Kxb4 38. Ne4 Kc4 39. Ra3 b4 40. Ra5 b3 41. Rc5+ Kb4 42. Rd5 b2 43. Rd7 b1=Q 44. Rxa7 Nb5 45. Rb7 Ra2 46. a7 Rxa7 47.
Rxb5+ Kxb5 48. Nc3+ Kc4 49. Nxb1 Kd3 50. h4 gxh4 51. Kh3 g5 52. Kg4 Ra4+ 53. Kf5 Rf4+ 54. Kg6 g4 55. fxg4 Rxg4+ 56. Kh5 Rxg2 57. Kxh4 Ra2 0-1

[Event "*** SCC Grand Prix: Titled Tuesday Blitz"]
[Site "Chess.com"]
[Date "2020.10.13"]
[Round "10"]
[White "olksuna"]
[Black "Jospem"]
[Result "1-0"]
[WhiteElo "2623"]
[BlackElo "2892"]
[TimeControl "180+1"]
[EndTime "11:55:41 PDT"]
[Termination "olksuna won by resignation"]

1. d4 Nf6 2. c4 e6 3. Nc3 Bb4 4. Qc2 d6 5. Nf3 c5 6. dxc5 Bxc5 7. g3 O-O 8. Bg2 h6 9. O-O Nc6 10. a3 a5 11. b3 Bd7 12. Bb2 Qe7 13. Rac1 Rac8 14. Qb1 Rfd8 15. Qa1 e5 16. e3 Bg4 17.
Nd2 Bf5 18. Rfd1 Bg4 19. Re1 Bf5 20. Red1 Bg4 21. Re1 h5 22. h4 Bf5 23. Red1 Bg4 24. Re1 Qe6 25. Nd5 Ne7 26. b4 Ba7 27. Nxf6+ gxf6 28. Bxb7 Rb8 29. Bg2 Kh8 30. Ne4 Ng6 31. c5 d5 32. Nd6 Rxd6 33. cxd6 Qxd6 34. bxa5 Rg8 35. Qa2 Be6 36. Red1 d4 37. Qa1 Nxh4 38. Bh1 Nf5 39. exd4 Nxg3 40. fxg3 e4 41. Bg2 Qxg3 42. Rc2 h4 43. Rdd2 h3 44. Qf1 f5 45. Kh1 Kh7 46.
Bxh3 e3 47. Rh2 Bb8 48. Bxf5+ Kg7 49. Bxe6 fxe6 50. Rcg2 1-0

[Event "*** SCC Grand Prix: Titled Tuesday Blitz"]
[Site "Chess.com"]
[Date "2020.10.13"]
[Round "10"]
[White "MarceloPlaya"]
[Black "Ariadna_Atreides"]
[Result "1-0"]
[WhiteElo "2268"]
[BlackElo "2045"]
[TimeControl "180+1"]
[EndTime "11:55:44 PDT"]
[Termination "MarceloPlaya won by resignation"]

1. e4 c5 2. Nf3 d6 3. d4 cxd4 4. Nxd4 Nf6 5. Nc3 Nc6 6. Bg5 e6 7.
Qd2 a6 8. O-O-O Bd7 9. f3 b5 10. Kb1 Be7 11. h4 Qb6 12. Be3 Qc7 13. g4 Na5 14. Bd3 Nc4 15. Bxc4 Qxc4 16. h5 h6 17.
Nce2 a5 18. Ng3 a4 19. g5 hxg5 20. Bxg5 b4 21. f4 b3 22. cxb3 axb3 23. a3 e5 24. Bxf6 Bxf6 25. Ndf5 Bxf5 26. Nxf5 Qxe4+ 27. Qd3 Qxd3+ 28. Rxd3 O-O-O 29. Rc1+ Kd7 30. Rxb3 exf4 31. Rd3 Ke6 32. Nd4+ Bxd4 33. Rxd4 Ke5 34. Rcd1 Rxh5 35. Rd5+ Kf6 36. Rxh5 g6 37. Rhd5 f3 38. R5d3 Ke6 39. Rxf3 Ke5 40. a4 d5 41. a5 d4 42. a6 Ke4 43.
Ra3 d3 44. Raxd3 Ra8 45. Ra3 g5 46. a7 g4 47. Rd7 g3 48. Rxf7 Kd4 49. Rg7 g2 50.
Rxg2 Rxa7 51. Rd2+ Ke4 52. Rxa7 1-0

[Event "*** SCC Grand Prix: Titled Tuesday Blitz"]
[Site "Chess.com"]
[Date "2020.10.13"]
[Round "10"]
[White "Eliwood44"]
[Black "Margency"]
[Result "1-0"]
[WhiteElo "2450"]
[BlackElo "2597"]
[TimeControl "180+1"]
[EndTime "11:55:47 PDT"]
[Termination "Eliwood44 won by resignation"]

1. d4 Nf6 2. Nf3 e6 3. e3 d5 4. Bd3 c5 5. O-O Nc6 6. Nbd2 Bd6 7. Re1 O-O 8. e4 dxe4 9. Nxe4 Nxe4 10. Rxe4 f5 11.
Rh4 cxd4 12. Bg5 Be7 13. Bxe7 Qxe7 14. Qe2 e5 15. Bc4+ Be6 16. Bxe6+ Qxe6 17. Rxh7 Qg6 18. Rh3 e4 19. Qc4+ Qf7 20. Qxf7+ Rxf7 21. Nd2 Rc8 22. Nb3 a5 23. Rd1 Rd7 24. g4 a4 25. Nc5 Rd5 26. Nxa4 Ne5 27. Nb6 Rcd8 28. Nxd5 Rxd5 29. gxf5 Kf7 30.
Kf1 Kf6 31. Rb3 b5 32. Rb4 Nc6 33. Rb3 Kxf5 34. Ra3 Nb4 35. Ra7 Nxc2 36. Rxg7 d3 37. h4 e3 38. Rg5+ Ke4 39. Rg4+ Kf5 40. Rg5+ Kf4 41.
fxe3+ Nxe3+ 42. Ke1 Rd8 43. Kd2 Nc4+ 44. Kc3 d2 45. Rxb5 Nd6 46. Rb4+ Ke3 47. Rxd2 Rc8+ 48. Kb3 Kxd2 49. Rd4+ Kc1 50. Rxd6 Rb8+ 51. Ka3 Ra8+ 52.
Kb3 Rb8+ 53. Kc3 Rc8+ 54. Kd4 Kxb2 55. h5 Kxa2 56. Rb6 Rc1 57. h6 Rh1 58. Ke5 Re1+ 59.
Kf6 Rf1+ 60. Kg7 Rc1 61. h7 Rc7+ 62. Kg6 Rc8 63. Rf6 Kb3 64. Kg7 1-0

[Event "*** SCC Grand Prix: Titled Tuesday Blitz"]
[Site "Chess.com"]
[Date "2020.10.13"]
[Round "10"]
[White "Chamal_Gedgafov"]
[Black "canary2016"]
[Result "1-0"]
[WhiteElo "2161"]
[BlackElo "1948"]
[TimeControl "180+1"]
[EndTime "11:55:48 PDT"]
[Termination "Chamal_Gedgafov won by checkmate"]

1. d4 d5 2. c4 c6 3. Nc3 Nf6 4. Nf3 e6 5. cxd5 exd5 6. Bg5 Bf5 7. Qb3 b6 8. e3 Be7 9. Ne5 O-O 10. Be2 h6 11.
Bh4 Ne4 12. Bg3 Bd6 13. Nxe4 Bxe4 14. f3 Bh7 15. O-O Re8 16. Rac1 Qc7 17. Bb5 Bxe5 18. Bxe5 Qd7 19. Be2 c5 20. Bg3 Qe6 21. Bf2 cxd4 22. Bb5 Rd8 23. exd4 Nd7 24. Rfe1 Qf6 25. Qxd5 Nf8 26. Qb3 a6 27. Bc6 Rab8 28. d5 Nd7 29.
Qc3 Qxc3 30. Rxc3 Bf5 31. g4 Bg6 32. Re7 Nf6 33. Re5 b5 34. b4 Rd6 35. Bc5 Rdd8 36. d6 Ne8 37. d7 Nf6 38. Be7 Nxd7 39. Rd5 Nf6 40. Rxd8+ Rxd8 41. Bxd8 Kh7 42. Bxf6 gxf6 43. Bb7 Kg7 44. Bxa6 f5 45. Bxb5 fxg4 46. fxg4 Be4 47. a4 Bg6 48. a5 Be4 49. a6 Bg6 50. Bc6 Bb1 51. a7 Bg6 52. a8=Q h5 53. Qa7 hxg4 54. Qd4+ Kh7 55. Be4 f5 56. Bxf5 Bxf5 57. Rc7+ Kg6 58. Rc6+ Kg5 59. Qe3+ Kh5 60. Qh6# 1-0

[Event "*** SCC Grand Prix: Titled Tuesday Blitz"]
[Site "Chess.com"]
[Date "2020.10.13"]
[Round "10"]
[White "Meri-Arabidze"]
[Black "Mikhail_Golubev"]
[Result "1-0"]
[WhiteElo "2694"]
[BlackElo "2537"]
[TimeControl "180+1"]
[EndTime "11:55:49 PDT"]
[Termination "Meri-Arabidze won by resignation"]

1. d4 Nf6 2. c4 g6 3. Nc3 Bg7 4. g3 O-O 5. Bg2 d6 6. e4 e5 7. Nge2 Nc6 8. d5 Nd4 9. Be3 Nxe2 10.
Qxe2 Ng4 11. Bd2 f5 12. f3 Nf6 13. O-O-O c5 14. dxc6 bxc6 15. f4 fxe4 16. Nxe4 exf4 17. Bxf4 Bg4 18. Bf3 Bxf3 19. Qxf3 Nxe4 20. Qxe4 Rb8 21. Qe6+ Kh8 22. Rd2 Qa5 23. Bxd6 Rfe8 24. Qf7 Bxb2+ 25.
Kd1 Qa4+ 26. Rc2 Rbd8 27. c5 Qd4+ 28. Rd2 Qa4+ 29. Qb3 Qxb3+ 30. axb3 Be5 31. Re1 Bf6 32. Rxe8+ Rxe8 33. Ra2 Rd8 34. Rxa7 Be5 35. Kc2 Bxd6 36. cxd6 Rxd6 37. Rc7 Kg8 38. Kc3 Re6 39. Kc4 h5 40. b4 g5 41. Kc5 Re2 42. Rxc6 Rxh2 43. Rg6+ Kf7 44. Rxg5 Kf6 45. Rd5 Kg6 46. b5 Rg2 47. Rd3 Rc2+ 48. Kd6 Rb2 49. Kc6 Rc2+ 50. Kb7 Kf5 51.
b6 Kg4 52. Ka7 Ra2+ 53. Kb8 Rg2 54. b7 Rb2 55. Rc3 Kh3 56. Kc8 1-0

[Event "*** SCC Grand Prix: Titled Tuesday Blitz"]
[Site "Chess.com"]
[Date "2020.10.13"]
[Round "10"]
[White "Roza_Idrisova"]
[Black "ajdemipopushi"]
[Result "0-1"]
[WhiteElo "2170"]
[BlackElo "2330"]
[TimeControl "180+1"]
[EndTime "11:55:50 PDT"]
[Termination "ajdemipopushi won on time"]

1. d4 Nf6 2. Nf3 c5 3. d5 b5 4. c4 g6 5. b3 Bg7 6. Bb2 O-O 7. Nbd2 bxc4 8. bxc4 d6 9. e4 Bg4 10.
Be2 Nbd7 11. O-O Qa5 12. Qc2 Bxf3 13. Nxf3 Rab8 14. Bc3 Qa3 15. h3 Nh5 16. Bxg7 Kxg7 17. Rab1 Rb4 18. Rxb4 cxb4 19. Rb1 Nc5 20. Nd4 Nf4 21.
Bf1 Qc3 22. Qxc3 bxc3 23. Rc1 Nxe4 24. g3 Nh5 25. Bd3 Nc5 26. Be2 Nf6 27. Rxc3 Rb8 28. Nb3 Nfd7 29. Re3 Kf8 30. Bg4 f5 31. Bd1 Rb4 32.
Rc3 Ne5 33. Be2 Ne4 34. Rc2 h5 35. f4 Nd7 36. Kg2 Ndc5 37. Nd4 a5 38. Nc6 Ra4 39. Bf3 Ra3 40. Bxe4 Nxe4 41. Nd4 Rxg3+ 42. Kh2 Ra3 43. Nc6 Rf3 44. Nd4 Rxf4 45. Nc6 Rf2+ 46. Rxf2 Nxf2 47.
Nxa5 Nd3 48. Kg2 g5 49. Kf3 g4+ 50. hxg4 fxg4+ 51. Kg3 Kg7 52. Nc6 Kh6 53. Nxe7 Kg5 54. Nc8 h4+ 55. Kg2 h3+ 56. Kg3 Nf4 57. Nxd6 Nh5+ 58. Kh2 Kf4 59. Nf7 Ng7 0-1

[Event "*** SCC Grand Prix: Titled Tuesday Blitz"]
[Site "Chess.com"]
[Date "2020.10.13"]
[Round "10"]
[White "Sven_Tica"]
[Black "Ajedrez_con_German"]
[Result "1-0"]
[WhiteElo "2657"]
[BlackElo "2501"]
[TimeControl "180+1"]
[EndTime "11:55:51 PDT"]
[Termination "Sven_Tica won on time"]

1. d4 d5 2. c4 c6 3. Nf3 Nf6 4. Qc2 dxc4 5. Qxc4 Bf5 6. Nbd2 e6 7. g3 Be7 8. Bg2 O-O 9. O-O Nbd7 10. Qb3 Qb6 11. Nc4 Qxb3 12. axb3 Be4 13. Bf4 Nd5 14. Bd6 N7b6 15.
Bxe7 Nxe7 16. Nd6 Bxf3 17. Bxf3 Rfb8 18. Rfc1 Nbc8 19. Nc4 Nb6 20. Na5 Ned5 21. e4 Nc7 22. Rc5 Na6 23. Rc3 Nb4 24. Kg2 a6 25. Rd1 Ra7 26.
h4 Rd8 27. h5 h6 28. Be2 Rd7 29. f4 Ra8 30. Bf3 f5 31. Rc5 fxe4 32. Bxe4 N4d5 33. Re1 Rf8 34. Bg6 Rf6 35. Re4 Ne7 36. Rce5 Nxg6 37.
hxg6 Rxg6 38. Rxe6 Rxe6 39. Rxe6 Nd5 40. Nc4 Kf7 41.
Re2 Kf8 42. Ne5 Rc7 43. Kf3 Ne7 44. Ke4 Rc8 45. f5 Rd8 46. g4 Nd5 47. Kf3 Nf6 48. Rd2 Nd5 49. Kg3 Nf6 50. Kh4 Nd7 51. Ng6+ Kf7 52.
d5 Nf6 53. d6 Nd5 54. d7 Nf6 55. Ne5+ Ke7 56. g5 hxg5+ 57. Kxg5 Ne4+ 58. Kg6 Nxd2 59. Kxg7 Rxd7 60. f6+ Ke6+ 61. Nxd7 Nf3 62. f7 1-0

[Event "*** SCC Grand Prix: Titled Tuesday Blitz"]
[Site "Chess.com"]
[Date "2020.10.13"]
[Round "10"]
[White "RobertoJBM"]
[Black "blitzking1729"]
[Result "1-0"]
[WhiteElo "2719"]
[BlackElo "2558"]
[TimeControl "180+1"]
[EndTime "11:55:52 PDT"]
[Termination "RobertoJBM won by checkmate"]

1. d4 d5 2. c4 e6 3. Nc3 c5 4.
cxd5 exd5 5. Nf3 Nc6 6. e3 Nf6 7. Be2 a6 8. O-O Be7 9. dxc5 Bxc5 10. b3 O-O 11. Bb2 Bg4 12. Rc1 Ba7 13. Nd4 Nxd4 14. Bxg4 Nc6 15. Bf3 d4 16. exd4 Bxd4 17. Bxc6 bxc6 18.
Qc2 Ng4 19. Ne4 Qh4 20. h3 Bxb2 21. Qxb2 Ne3 22. Rfe1 Nd5 23. Rxc6 Nb4 24. Rc3 Rfe8 25. Rce3 Re6 26. Qd2 a5 27. a3 Rd8 28. axb4 Rxd2 29.
Nxd2 Qxb4 30. Nf3 h6 31. Rxe6 fxe6 32. Re3 Qb6 33. g3 Qb4 34. Ne5 Kh7 35. h4 h5 36.
Nf3 g6 37. Ng5+ Kg8 38. Nxe6 Qd2 39. Nf4 Qd1+ 40. Kg2 Qc2 41. Rd3 Qc6+ 42. Rd5 Qb7 43. Kg1 Qxb3 44. Rxa5 Qd1+ 45. Kg2 Qb1 46. Rg5 Qe4+ 47.
f3 Qc2+ 48. Kh3 Qc8+ 49. g4 hxg4+ 50. Rxg4 Kh7 51. Nxg6 Qc6 52. Ne5 Qd5 53. f4 Qb3+ 54. Kg2 Qd5+ 55. Kf2 Qa2+ 56. Kg3 Qb3+ 57. Nf3 Qb8 58.
Rg5 Qb2 59. h5 Qe2 60. Re5 Qd1 61. Re6 Qd5 62. Ng5+ Kg7 63. h6+ Kg8 64. Re8# 1-0